Match 31781481
Unlisted

Match 31781481
End
Construct Barracks
Selects Armored Battlegroup
Selects Veteran Crews
Riflemen Squad
1⁄4-ton 4x4 Truck
Riflemen Squad
Grenade Package
Riflemen Squad
Infantry Support Center
Construct Motor Pool
Selects Fast Deploy
Selects M8 Scott SPG
M1918 Browning Automatic Rifles
M8 Scott SPG
Riflemen Squad
Engineer Squad
M1 Anti-tank Gun Team
Construct Tank Depot
Riflemen Squad
Selects UNKNOWN (2160077)
M4A3E8 Sherman Easy Eight
.30 cal Machine Gun
Selects Field Repairs
Selects War Machine
Mortar Pit
M4A3E8 Sherman Easy Eight
Riflemen Squad
M4A3E8 Sherman Easy Eight
M1 Anti-tank Gun Team
Construct Weapon Support Center
M3 Armored Personnel Carrier
M4A3E8 Sherman Easy Eight
Der Besen
Chernoburka
remyco33
Microsoft Office PowerPoint
Microsoft Office Excel
Microsoft Office Word
0
0

Comments sign in to comment!

No comments posted yet!